 Dungeon Crawl Stone Soup version 0.29-a0-344-ge2f44be95a (webtiles) character file.

Game seed: 15804034766387713354

23 Dauddaud the Chopper (level 2, -1/26 HPs)
             Began as a Minotaur Berserker on Apr 21, 2022.
             Was a Follower of Trog.
             Slain by a hobgoblin (2 damage)
             ... on level 1 of the Dungeon.
             The game lasted 00:01:02 (679 turns).

Dauddaud the Chopper (Minotaur Berserker)            Turns: 679, Time: 00:01:02

Health: -1/26      AC:  6    Str: 21    XL:     2   Next: 72%
Magic:  1/1        EV: 10    Int:  4    God:    Trog [*.....]
Gold:   45         SH:  0    Dex:  9    Spells: 1/1 levels left

rFire   . . .      SeeInvis +   a - +0 hand axe
rCold   . . .      Faith    .   (no shield)
rNeg    . . .      Spirit   .   e - +0 scale mail
rPois   .          Reflect  .   (helmet restricted)
rElec   .          Harm     .   (no cloak)
rCorr   .          Rampage  .   (no gloves)
Will    .....                   (no boots)
Stlth   ..........              (no amulet)
HPRegen 0.08/turn               g - ring of see invisible
MPRegen 0.07/turn               (no ring)

@: no status effects
A: horns 2, retaliatory headbutt
a: Renounce Religion, Berserk


You were on level 1 of the Dungeon.
You worshipped Trog.
Trog was aware of your devotion.
You visited 1 branch of the dungeon, and saw 2 of its levels.

You collected 45 gold pieces.

Inventory:

Hand Weapons
 a - a +0 hand axe (weapon)
Armour
 b - a +0 animal skin
 e - a +0 scale mail (worn)
Jewellery
 g - a ring of see invisible (left hand)
Scrolls
 c - 4 scrolls of teleportation {unknown}
Potions
 d - 2 potions of cancellation {unknown}
 f - a potion of curing {unknown}


   Skills:
 - Level 3.6 Fighting
 + Level 4.9 Axes
 - Level 2.4 Armour
 - Level 2.1 Dodging


You had one spell level left.
You didn't know any spells.
Your spell library was empty.

Dungeon Overview and Level Annotations

Branches:
Dungeon (2/15)

Altars:


Innate Abilities, Weirdness & Mutations

You have a pair of horns on your head.
You reflexively headbutt those who attack you in melee.


Message History

Found 17 stones.
There is a stone staircase leading down here.
You see here 17 stones.
You see here 17 stones.
There is a stone staircase leading down here.
There is an escape hatch in the floor here.
You see here 12 stones.
c - 4 scrolls labelled PETUSAGAA (gained 1)
You see here a +0 ring mail.
Found a stone staircase leading down.
Done exploring.
Done exploring.
Done exploring.
There is a stone staircase leading down here.
You climb downwards.
The hobgoblin shouts! x2; The gnoll shouts! x3
Found 11 gold pieces.
There is a stone staircase leading up here.
A gnoll comes into view. It is wielding a +0 spear.
A gnoll comes into view. It is wielding a +0 club.
The gnoll shouts!
The gnoll hits you with a +0 flail. The gnoll barely misses you.
The gnoll closely misses you. The gnoll barely misses you.
You furiously retaliate!
You headbutt the gnoll!
You kill the gnoll!
Trog accepts your kill.
The hobgoblin hits you but does no damage.
The gnoll hits you from afar with a +0 spear.
You climb upwards.
There is a stone staircase leading down here.
You hit the gnoll but do no damage. You hit the hobgoblin.
The gnoll hits you with a +0 flail. The hobgoblin hits you.
You closely miss the gnoll. You closely miss the hobgoblin.
The gnoll barely misses you. The hobgoblin hits you.
You hit the gnoll. Your headbutt misses the gnoll.
The gnoll is moderately wounded.
You hit the hobgoblin. The gnoll hits you with a +0 flail!
* * * LOW HITPOINT WARNING * * *
The hobgoblin hits you.
You die...

....#.#.## ##...##
###..#####
....#.##.###.#.##
#.....⌠#
#####.###.#..#.#
#...##.# #.# ##.#)#.#
#....#.# #.# ###.#.#
#......# #.## #.#.#
#......# #..##
#.#.#### ##.....#
#...#
#.#..g.########.#.....
#####'#
#...g@........#..#....
#....P#
#.####.######.########
#.###8# #......# #.#
#.... #.#...# #.####.#
#.# ##... #.#.#.##
#.####.# #.# #...
#P'.#P.###...##.# #.#
#.#. #####P_.#######.#
#.# #.#. #.##..#.'.#
#.# #.# #.##
#.###.#.#.# #.# #.###
#.#


You could see a gnoll and a hobgoblin.

Vanquished Creatures
  A gnoll (D:2)
  2 bats (D:1)
  An endoplasm (D:1)
  2 goblins (D:1)
  2 hobgoblins (D:1)
  2 kobolds (D:1)
  A frilled lizard (D:1)
  A rat (D:1)
12 creatures vanquished.

Notes
Turn   | Place    | Note
-------+----------+-------------------------------------------
     0 | D:1      | Dauddaud the Minotaur Berserker began the quest for the
                  | Orb.
     0 | D:1      | Reached XP level 1. HP: 19/19 MP: 0/0
    94 | D:1      | Reached skill level 4 in Axes
   199 | D:1      | Reached XP level 2. HP: 26/26 MP: 1/1
   291 | D:1      | Found a faded altar of an unknown god.
   679 | D:1      | HP: 1/26 [gnoll/+0 flail (10)]
   679 | D:1      | Slain by a hobgoblin

Illustrated notes

Levels and vault maps discovered:
D:1:      matt_arrival_grand_opening, layout_loops_ring,
          shapermc_ecumenical_altar_ellora
D:2:      layout_rooms, corexii_leaking_fountain, minmay_unequal

Skill      XL: |  1 |
---------------+----+-----
Axes           | 4 |  4.9
Fighting       | |  3.6
Armour         | |  2.4
Dodging        | |  2.1

Action                   || total
-------------------------++-------
Melee: Hand axe          ||    21
       Headbutt          ||     4
 Stab: Sleeping          ||     1
Armor: Animal skin       ||     1
       Scale mail        ||     3
Dodge: Dodged            ||    16

Table legend: (Time is in decaauts)
 A = Elapsed time spent in this place.
 B = Non-inter-level travel time spent in this place.
 C = Inter-level travel time spent in this place.
 D = Time resting spent in this place.
 E = Time spent auto-exploring this place.
 F = Levels seen in this place.
 G = Mean time per level.
                   A        B        C        D        E       F      G
               +--------+--------+--------+--------+--------+-----+--------+
         Total |    680 |    672 |      8 |      0 |    584 |   2 |  340.0 |
       Dungeon |    680 |    672 |      8 |      0 |    584 |   2 |  340.0 |
               +--------+--------+--------+--------+--------+-----+--------+

Top non-repeatable levels by time:
     D:1: 676 daAuts
     D:2: 3 daAuts
